 Dungeon Crawl Stone Soup version 0.23.2-1-ga50397a (webtiles) character file.

Game seed: 2322784861483651203

74 Kahibar the Insei (level 4, -9/36 HPs)
             Began as a Draconian Transmuter on May 21, 2019.
             Killed by divine providence
             ... invoked by an orc priest
              (13 damage)
             ... on level 3 of the Dungeon.
             The game lasted 00:16:09 (2969 turns).

Kahibar the Insei (Draconian Transmuter)            Turns: 2969, Time: 00:16:10

Health: -9/36      AC:  5    Str: 12    XL:     4   Next: 9%
Magic:  7/7        EV: 12    Int: 14    God:
Gold:   101        SH:  0    Dex: 12    Spells: 5/8 levels left

rFire    . . .     SeeInvis .   i - +0 club
rCold    . . .     Gourm    .   (no shield)
rNeg     . . .     Faith    .   (armour unavailable)
rPois    .         Spirit   .   (helmet restricted)
rElec    .         Reflect  .   (no cloak)
rCorr    .         Harm     .   (no gloves)
MR       .....                  (no boots)
Stlth    ++........             (no amulet)
HPRegen  0.12/turn              (no ring)
MPRegen  0.10/turn              (no ring)

@: no status effects
A: unfitting armour, cold-blooded, AC +5
a: no special abilities


You were on level 3 of the Dungeon.
You were not hungry.

You visited 1 branch of the dungeon, and saw 3 of its levels.

You collected 101 gold pieces.

Inventory:

Hand Weapons
 e - a +0 hand axe
 g - a +0 dagger
 i - a +0 club (weapon)
 o - a +0 spear
 t - a +0 mace
 v - a +0 long sword
 w - a +0 short sword
Missiles
 a - 53 arrows
 k - 69 stones (quivered)
Jewellery
 l - an uncursed amulet of rage {unknown}
 m - an uncursed amulet of the gourmand {unknown}
Scrolls
 d - a scroll of noise {unknown}
 f - 7 scrolls of identify {unknown}
 h - 2 scrolls of enchant weapon {unknown}
 j - 2 scrolls of remove curse {unknown}
 n - a scroll of fog {unknown}
 q - a scroll of amnesia {unknown}
 r - a scroll of blinking {unknown}
 u - a scroll of teleportation {unknown}
Potions
 b - 2 potions of curing {unknown}
 p - a potion of invisibility {unknown}
 s - a potion of agility {unknown}
 x - a potion of flight {unknown}
 z - a potion of haste {unknown}
 A - a potion of brilliance {unknown}
 B - a potion of mutation {unknown}
Comestibles
 c - 3 rations


   Skills:
 * Level 1.9 Fighting
 * Level 1.5 Maces & Flails
 + Level 2.0 Dodging
 * Level 1.0 Stealth
 - Level 3.3 Unarmed Combat
 * Level 2.5 Spellcasting
 * Level 2.2 Transmutations


You had 5 spell levels left.
You knew the following spells:

 Your Spells              Type           Power        Failure   Level  Hunger
a - Beastly Appendage     Tmut           #.....       9%          1    #......
b - Sticks to Snakes      Tmut           #.......     14%         2    ###....

Your spell library contained the following spells:

 Spells                   Type           Power        Failure   Level  Hunger
 Spider Form              Tmut/Pois      #.........   38%         3    ###....
 Ice Form                 Ice/Tmut       #.......     80%         4    #####..
 Blade Hands              Tmut           #.........   94%         5    ######.


Dungeon Overview and Level Annotations

Branches:
Dungeon (3/15)

Altars:
Dithmenos
Kikubaaqudgha
Trog


Innate Abilities, Weirdness & Mutations

Your plain brown scales are hard. (AC +5)
You cannot fit into any form of body armour.
You are cold-blooded and may be slowed by cold attacks.


Message History

The orc priest shouts!
An orc comes into view. It is wielding a +0 mace.
The orc priest invokes the aid of Beogh against you.
Beogh smites you!
You hear a shout!
The giant cockroach misses you.
You hit the giant cockroach.
The giant cockroach is almost dead.
The giant cockroach closely misses you.
The orc priest invokes the aid of Beogh against you.
Pain shoots through your body!
You hit the giant cockroach.
You kill the giant cockroach!
The orc priest hits you with a +0 mace.
* * * LOW HITPOINT WARNING * * *
The orc hits you with a +0 mace.
* * * LOW HITPOINT WARNING * * *
The orc priest mumbles some strange prayers to Beogh against you.
Beogh smites you!
You die...

#..##
.....
####...#
###..
#..).#.#
###
#....#
oo ####
#.o..#
o.. #...
#.####
### #...
#o# #...
#o#
##...
#@#
#^...
#.#
#....
#.#
#....
#.#
#....
#.#
#....
#.#
#....
#)#
#....
#.####
#....
#....#
#####


You could see an orc priest and 2 orcs.

Vanquished Creatures
  3 adders (D:3)
  An ooze (D:1)
  2 leopard geckos
  8 ball pythons (D:3)
  2 bats (D:1)
  2 giant cockroaches (D:3)
  5 goblins
  3 hobgoblins
  3 frilled lizards (D:1)
  6 kobolds (D:1)
  2 rats
37 creatures vanquished.

Vanquished Creatures (collateral kills)
  An adder (D:3)
  A worm (D:2)
  A bat (D:1)
  A kobold (D:1)
4 creatures vanquished.

Grand Total: 41 creatures vanquished

Notes
Turn   | Place    | Note
-------+----------+-------------------------------------------
     0 | D:1      | Kahibar the Draconian Transmuter began the quest for the
                  | Orb.
     0 | D:1      | Reached XP level 1. HP: 16/16 MP: 3/3
   986 | D:1      | Reached XP level 2. HP: 19/23 MP: 5/5
  1038 | D:1      | Learned a level 2 spell: Sticks to Snakes
  1706 | D:2      | Found a shadowy altar of Dithmenos.
  1880 | D:2      | Reached XP level 3. HP: 28/28 MP: 4/6
  2006 | D:2      | Found an ancient bone altar of Kikubaaqudgha.
  2371 | D:3      | Found a bloodstained altar of Trog.
  2719 | D:3      | Reached skill level 1 in Maces & Flails
  2840 | D:3      | Reached XP level 4. HP: 36/36 MP: 3/7
  2892 | D:3      | Reached skill level 1 in Stealth
  2969 | D:3      | Killed from afar by an orc priest

Skill      XL: |  1  2  3  4 |
---------------+-------------+-----
Dodging        | 2 |  2.0
Maces & Flails | 1 |  1.5
Stealth        | 1 |  1.0
Fighting       | |  1.9
Unarmed Combat | |  3.3
Spellcasting   | |  2.5
Transmutations | |  2.2

Action                   |  1- 3 |  4- 6 || total
-------------------------+-------+-------++-------
Melee: Unarmed           |    41 |       ||    41
       Club              |   106 |    13 ||   119
       Kick              |     5 |       ||     5
       Tailslap          |    13 |     2 ||    15
       Headbutt          |     1 |       ||     1
       Punch             |     1 |     1 ||     2
Throw: Stone             |     1 |       ||     1
 Cast: Beastly Appendage |     4 |       ||     4
       Sticks to Snakes  |     6 |       ||     6
 Stab: Sleeping          |     2 |       ||     2
  Eat: Chunk             |     7 |       ||     7
Armor: Skin              |    47 |     5 ||    52
Dodge: Dodged            |   105 |    11 ||   116
